 Dungeon Crawl Stone Soup version 0.24.1 (webtiles) character file.

Game seed: 6429046455666779709, levelgen mode: deterministic

5065 robbo the Cleaver (level 10, -4/79 HPs)
             Began as a Demonspawn Wanderer on Mar 29, 2020.
             Was a Priest of Qazlal.
             Slain by an unseen horror (5 damage)
             ... on level 12 of the Dungeon.
             The game lasted 00:30:55 (7409 turns).

robbo the Cleaver (Demonspawn Wanderer)             Turns: 7409, Time: 00:30:56

Health: -4/79      AC:  9    Str: 14    XL:     10   Next: 31%
Magic:  10/10      EV: 15    Int: 21    God:    Qazlal [***...]
Gold:   483        SH: 14    Dex: 16    Spells: 9/9 levels left

rFire    + . .     SeeInvis .   F - +4 hand axe (elec)
rCold    . . .     Gourm    .   J - +0 buckler
rNeg     + . .     Faith    .   C - +3 leather armour {rN+}
rPois    .         Spirit   .   E - +0 helmet
rElec    .         Reflect  .   T - +0 cloak
rCorr    +         Harm     .   O - +0 pair of gloves
MR       .....                  (no boots)
Stlth    ++........             (no amulet)
HPRegen  0.23/turn              G - ring of resist corrosion
MPRegen  0.12/turn              p - +4 ring of intelligence

@: agile, flying, very slightly contaminated, invisible (expiring)
A: hooves 1, large bone plates 1, fire resistance 1, powered by pain 1, flame
cloud immunity
a: Upheaval, Elemental Force, Renounce Religion


You were on level 12 of the Dungeon.
You worshipped Qazlal.
Qazlal was most pleased with you.
You were very hungry.

You visited 2 branches of the dungeon, and saw 12 of its levels.

You collected 483 gold pieces.

Inventory:

Hand Weapons
 b - a +0 hand crossbow
 q - a +2 trident of venom
 F - a +4 hand axe of electrocution (weapon)
 U - the +7 flail of the Equinox {elec, *Corrode Int+5 Dex+2, unknown}
   (You found it on level 8 of the Dungeon)

   Occasionally, upon striking a foe, it will discharge some electrical energy
   and cause terrible harm.
   It affects your intelligence (+5).
   It affects your dexterity (+2).
   It may corrode you when you take damage.
Missiles
 c - 58 bolts
 g - 74 sling bullets
 l - 335 stones (quivered)
 r - 58 poisoned darts
 t - 7 atropa-tipped darts
 v - 186 arrows
 Q - 2 throwing nets
Armour
 h - a +0 ring mail
 C - a +3 leather armour of positive energy (worn)
 E - a +0 helmet (worn)
 J - a +0 buckler (worn)
 O - a +0 pair of gloves (worn)
 R - a +1 ring mail of fire resistance
 T - a +0 cloak (worn)
Magical Staves
 S - an uncursed staff of power
Jewellery
 p - a +4 ring of intelligence (right hand)
 y - a +3 ring of dexterity
 G - a ring of resist corrosion (left hand)
 M - an uncursed ring of wizardry
Wands
 e - a wand of acid (8)
 s - a wand of enslavement (2)
Scrolls
 u - 3 scrolls of enchant weapon
 B - a scroll of immolation
 H - 2 scrolls of identify
 I - 3 scrolls of remove curse
 K - 2 scrolls of amnesia
 N - a scroll of noise
Potions
 a - 2 potions of agility
 d - 8 potions of curing
 i - 4 potions of lignification
 n - a potion of berserk rage {unknown}
 o - a potion of mutation
 x - a potion of brilliance
 A - a potion of haste
 D - a potion of resistance {unknown}
 L - a potion of heal wounds {unknown}
Comestibles
 f - 8 rations


   Skills:
 - Level 7.0 Fighting
 + Level 11.7 Axes
   Level 1.0 Bows
 - Level 2.6 Armour
 - Level 1.0 Stealth
 - Level 4.1 Shields
 - Level 1.0 Evocations


You had 9 spell levels left.
You didn't know any spells.
Your spell library was empty.

Dungeon Overview and Level Annotations

Branches:
Dungeon (11/15)            Temple (1/1) D:5
   Lair: D:8-11         Orc: D:9-12

Altars:
Ashenzari
Cheibriados
Dithmenos
Elyvilon
Fedhas
Gozag
Hepliaklqana
Kikubaaqudgha
Makhleb
Nemelex Xobeh
Okawaru
Qazlal
Ru
Sif Muna
Trog
Uskayaw
Vehumet
Wu Jian
Xom
Yredelemnul
Zin
The Shining One

Shops:
D:5 (   D:6 [   D:8 (

Annotations:
D:10 Joseph


Innate Abilities, Weirdness & Mutations

You have large cloven feet.
You are partially covered in large bone plates. (SH +4)
Your flesh is heat resistant. (rF+)
You sometimes gain a little power by taking damage.
You are immune to clouds of flame.


Message History

The hippogriff screeches!
You hear a horrible gurgling sound!
Something hits you but does no damage. Something hits you but does no damage.
You block the hippogriff's attack. The hippogriff pecks you.
* * * LOW HITPOINT WARNING * * *
The hippogriff claws you.
* * * LOW HITPOINT WARNING * * *
Okay, then.
It was a potion of agility.
You feel more agile all of a sudden. You block the hippogriff's attack.
The hippogriff misses you. You block the hippogriff's attack.
Okay, then.
Okay, then.
It was a potion of flight.
You feel very buoyant.
You fly up into the air.
You hear a shout!
Something hits you.
You die...

#.==).##.#.#
..)OuR..#O#
#.{.☼9##.#u#
##...##.a#...
##O##..####9###
# #..###.....##
#O.## #.aa.##
#J## #..#.[##
=h. #..##@?#
#.# .%#( ##H# .
./### ... ###
.#.# .#... ##
.#. # #


You could see a cyan ugly thing (wandering), an ogre mage, a hippogriff, a
gargoyle and 2 worker ants.

Vanquished Creatures
  Pikel (D:7)
  Grinder (D:4)
  A hippogriff (D:7)
  Sigmund (D:5)
  3 yaks (D:10)
  Eustachio (D:5)
  Menkaure (D:5)
  Edmund (D:6)
  An ice beast (D:5)
  2 slaves (D:7)
  2 phantoms
  A black bear (D:8)
  2 orc warriors
  An ogre (D:7)
  3 centaurs
  6 big kobolds (D:6)
  3 scorpions
  5 killer bees (D:8)
  5 wights (D:8)
  6 howler monkeys
  3 crimson imps
  A bullfrog zombie (D:11)
  A bullfrog skeleton (D:6)
  6 orc wizards
  5 orc priests
  4 hounds
  2 jellies
  2 centaur skeletons
  An iguana (D:6)
  Ijyb (D:5)
  2 worker ants
  2 hound zombies
  3 hound skeletons
  Robin (D:4)
  A worker ant zombie (D:8)
  2 gnolls (D:6)
  9 adders
  4 worms
  3 dart slugs
  4 leopard geckos
  32 orcs
  5 giant cockroaches
  16 goblins
  8 hobgoblins
  3 quokkas (D:7)
  5 ball pythons
  6 bats
  7 frilled lizards
  A jackal skeleton (D:5)
  42 kobolds
  2 leopard gecko skeletons
  A quokka skeleton (D:5)
  7 rats
239 creatures vanquished.

Notes
Turn   | Place    | Note
-------+----------+-------------------------------------------
     0 | D:1      | robbo the Demonspawn Wanderer began the quest for the Orb.
     0 | D:1      | robbo set off with the following items: a +2 hand axe, a +0
                  | hand crossbow, 27 bolts, a potion of curing, a +0 robe, a
                  | ration
     0 | D:1      | Reached XP level 1. HP: 16/16 MP: 1/1
   145 | D:1      | Gained mutation: You have large cloven feet. [demonic
                  | ancestry]
   145 | D:1      | Reached XP level 2. HP: 21/23 MP: 2/2
   369 | D:1      | Reached skill level 2 in Axes
   726 | D:2      | Reached XP level 3. HP: 23/29 MP: 3/3
  1091 | D:2      | Reached XP level 4. HP: 37/37 MP: 4/4
  1430 | D:3      | Reached skill level 3 in Axes
  2257 | D:4      | Noticed a phantom
  2265 | D:3      | Gained mutation: You are partially covered in large bone
                  | plates. (SH +4) [demonic ancestry]
  2265 | D:3      | Reached XP level 5. HP: 40/43 MP: 5/5
  2410 | D:4      | Noticed an ogre
  2413 | D:4      | Noticed Robin
  2561 | D:4      | Reached skill level 4 in Axes
  2702 | D:4      | Noticed Grinder
  2718 | D:4      | Reached skill level 5 in Fighting
  2718 | D:4      | Gained mutation: Your flesh is heat resistant. (rF+)
                  | [demonic ancestry]
  2718 | D:4      | Reached XP level 6. HP: 42/51 MP: 6/6
  2723 | D:4      | Killed Robin
  2738 | D:4      | Killed Grinder
  2738 | D:4      | Gained mutation: You sometimes gain a little power by
                  | taking damage. [demonic ancestry]
  2738 | D:4      | Reached XP level 7. HP: 31/57 MP: 7/7
  2810 | D:4      | Reached skill level 5 in Axes
  3293 | D:5      | Entered Level 5 of the Dungeon
  3320 | D:5      | Noticed Menkaure
  3339 | D:5      | Killed Menkaure
  3476 | D:5      | Found a staircase to the Ecumenical Temple.
  3495 | Temple   | Entered the Ecumenical Temple
  3599 | Temple   | Became a worshipper of Qazlal Stormbringer
  3790 | D:5      | Reached skill level 6 in Axes
  3794 | D:5      | Reached XP level 8. HP: 50/67 MP: 8/8
  3807 | D:5      | Found Acrael's Antique Weapon Shoppe.
  3855 | D:5      | Noticed Sigmund
  3862 | D:5      | Killed Sigmund
  3862 | D:5      | Reached skill level 7 in Axes
  3952 | D:5      | Noticed Eustachio
  3968 | D:5      | Noticed Ijyb
  4001 | D:5      | Killed Eustachio
  4006 | D:5      | Killed Ijyb
  4414 | D:6      | Reached skill level 8 in Axes
  4448 | D:6      | Reached * piety under Qazlal
  4547 | D:6      | Found Mejung's Armour Boutique.
  4549 | D:6      | Reached skill level 1 in Shields
  4749 | D:6      | Noticed Edmund
  4767 | D:6      | Killed Edmund
  4767 | D:6      | Reached XP level 9. HP: 16/72 MP: 9/9
  5211 | D:6      | Reached ** piety under Qazlal
  5272 | D:6      | Reached skill level 9 in Axes
  6083 | D:7      | Reached *** piety under Qazlal
  6345 | D:7      | Noticed Pikel
  6370 | D:7      | Killed Pikel
  6370 | D:7      | Reached skill level 10 in Axes
  6675 | D:8      | Found Vodwiety's Weapon Shoppe.
  6750 | D:8      | Got a pitted flail
  6772 | D:8      | Gained mutation: You are immune to clouds of flame.
                  | [demonic ancestry]
  6772 | D:8      | Reached XP level 10. HP: 45/79 MP: 10/10
  6788 | D:8      | Reached skill level 11 in Axes
  7055 | D:8      | Found a shattered altar of Ashenzari.
  7266 | D:8      | You fall into a shaft and drop 3 floors!
  7267 | D:11     | Noticed a molten gargoyle
  7267 | D:11     | Noticed a molten gargoyle
  7267 | D:11     | Noticed a molten gargoyle
  7267 | D:11     | Noticed a molten gargoyle
  7330 | D:10     | Entered Level 10 of the Dungeon
  7386 | D:10     | Noticed Joseph
  7392 | D:10     | You fall into a shaft and drop 2 floors!
  7393 | D:12     | Noticed a red ugly thing
  7395 | D:12     | Noticed a gargoyle
  7396 | D:12     | Noticed an ogre mage
  7397 | D:12     | Noticed a cyan ugly thing
  7397 | D:12     | Noticed a gargoyle
  7397 | D:12     | Noticed a two-headed ogre
  7398 | D:12     | Noticed a five-headed hydra
  7399 | D:12     | Identified the +6 trident "Spiderbane" {speed, rC+ Str+3
                  | Stlth+}
  7407 | D:12     | HP: 1/79 [hippogriff (6)]
  7409 | D:12     | Slain by an unseen horror

Levels and vault maps discovered:
D:1:      dpeg_arrival_fog, layout_loops_cross, minmay_shallow_snake_nest
D:2:      layout_basic
D:3:      layout_basic, first_ration
D:4:      layout_rooms, uniq_grinder, uniq_robin
D:5:      layout_loops_cross, minmay_temple_entry_antechambers, serial_shops,
          nicolae_shop_trees, minmay_between, uniq_eustachio, uniq_menkaure,
          uniq_ijyb, uniq_sigmund
D:6:      minmay_goblin_kobold_castle, layout_loops_ring, serial_shops, shop,
          uniq_edmund
D:7:      layout_basic, uniq_pikel
D:8:      layout_loops_ring, old_standard_altar, serial_shops, shop
D:10:     layout_long_grid, lair_entry_dummy, minmay_orc_entry_temple_small,
          gammafunk_ghost_spectres, serial_shops, nicolae_shop_statue_plus,
          uniq_joseph, uniq_snorg
D:11:     layout_small_grid, minivault_8
D:12:     minmay_the_grid_octo_tiled_octocenter [minmay_the_grid_octo_teeth,
          minmay_the_grid_octo_pinwheel, minmay_the_grid_octo_toaster,
          minmay_the_grid_octo_clover, minmay_the_grid_octo_prize_star,
          minmay_the_grid_square_5x5_sharp_hourglass,
          minmay_the_grid_square_5x5_inset,
          minmay_the_grid_square_5x5_spiral_small,
          minmay_the_grid_square_5x5_two_small], layout_loops_cross,
          minivault_20
Temple:   kilobyte_greek_temple

Skill      XL: |  1  2  3  4  5  6  7  8  9 10 |
---------------+-------------------------------+-----
Fighting       | 3 4 5 7 |  7.0
Axes           | 2 3 4 6 8 10 11 | 11.7
Shields        | 2 4 |  4.1
Bows           | |  1.0
Armour         | |  2.6
Stealth        | |  1.0
Evocations     | |  1.0

Action                   |  1- 3 |  4- 6 |  7- 9 | 10-12 || total
-------------------------+-------+-------+-------+-------++-------
Melee: Hand axe          |    69 |       |   400 |    85 ||   554
       Kick              |    11 |    21 |    84 |    17 ||   133
       Trident           |    25 |   138 |    19 |       ||   182
  Use: Scroll            |       |     5 |     6 |     8 ||    19
       Potion            |       |       |       |     3 ||     3
 Stab: Invisible         |       |       |       |     1 ||     1
  Eat: Ration            |       |     2 |     4 |       ||     6
Armor: Ring mail         |    38 |    42 |    66 |       ||   146
       Leather armour    |       |       |    23 |    22 ||    45
Dodge: Dodged            |    49 |    60 |   151 |    22 ||   282
Block: Other             |       |     9 |    11 |       ||    20
       Buckler           |       |       |   126 |    53 ||   179
